 Dungeon Crawl Stone Soup version 0.30-a0-718-geaa24f58ff (webtiles) character file.

Game seed: 3339803132105345363

1309 Newt the Skirmisher (level 8, -3/49 HPs)
             Began as a Kobold Hunter on Jan 25, 2023.
             Was an Initiate of Gozag.
             Slain by a steam dragon (7 damage)
             ... on level 6 of the Dungeon.
             The game lasted 00:04:38 (6495 turns).

Newt the Skirmisher (Kobold Hunter)                 Turns: 6495, Time: 00:04:38

Health: -3/49      AC: 10    Str:  9    XL:     8   Next: 88%
Magic:  8/8        EV: 13    Int: 13    God:    Gozag
Gold:   383        SH:  0    Dex: 20    Spells: 7/7 levels left

rFire   . . .      SeeInvis .    a - +1 shortbow (flame)
rCold   . . .      Faith    .    (shield currently unavailable)
rNeg    . . .      Spirit   .    o - +3 scale mail of the Untouchables {Will+ Int+3}
rPois   .          Reflect  .    (no helmet)
rElec   .          Harm     .    (no cloak)
rCorr   .          Rampage  .    (no gloves)
Will    ++...                    (no boots)
Stlth   ++                       r - amulet of magic regeneration
HPRegen 0.28/turn                g - +4 ring of slaying
MPRegen 0.51/turn                n - ring of willpower

@: no status effects
A: small, no large weapons, nightstalker 3
a: Renounce Religion, Potion Petition, Call Merchant, Bribe Branch


You were on level 6 of the Dungeon.
You worshipped Gozag.
Gozag was aware of your devotion.
You visited 2 branches of the dungeon, and saw 7 of its levels.

You collected 1515 gold pieces.
You spent 1092 gold pieces at shops.
You paid 40 gold pieces to Gozag.

Inventory:

Hand Weapons
 a - a +1 shortbow of flaming (weapon)
Missiles
 h - a throwing net
Armour
 c - a +0 leather armour
 o - the +3 scale mail of the Untouchables (worn) {Will+ Int+3}
   (You found it on level 4 of the Dungeon)

   Int:       It affects your intelligence (+3).
   Will:      It increases your willpower.
Jewellery
 g - a +4 ring of slaying (left hand)
 n - a ring of willpower (right hand)
 r - an amulet of magic regeneration (around neck)
Scrolls
 b - 3 scrolls of immolation
 e - a scroll of magic mapping
 j - 2 scrolls of enchant armour
 p - 2 scrolls of brand weapon
Potions
 d - 2 potions of resistance
 f - a potion of ambrosia
 i - 2 potions of curing
 k - a potion of mutation
 l - a potion of heal wounds {unknown}
 m - a potion of degeneration {unknown}
 q - a potion of flight {unknown}


   Skills:
 - Level 5.0 Fighting
 - Level 9.0 Ranged Weapons
 + Level 4.7 Armour
 - Level 6.0 Dodging
 - Level 1.3 Stealth


You had 7 spell levels left.
You didn't know any spells.
Your spell library contained the following spells:

 Spells                   Type           Power      Damage    Failure   Level
 Beastly Appendage        Tmut           0%         N/A       91%         1
 Magic Dart               Conj           0%         1d3       91%         1
 Call Imp                 Summ           0%         N/A       97%         2
 Searing Ray              Conj           0%         2d4       97%         2
 Wereblood                Tmut           0%         N/A       97%         2
 Dazzling Flash           Conj/Hex       0%         N/A       99%         3
 Mephitic Cloud           Conj/Pois/Air  0%         N/A       99%         3
 Portal Projectile        Hex/Tloc       0%         N/A       99%         3
 Spider Form              Tmut/Pois      0%         N/A       99%         3
 Tukima's Dance           Hex            0%         N/A       99%         3
 Fulminant Prism          Conj/Hex       0%         3d5       100%        4
 Agony                    Necr           0%         N/A       100%        5
 Blade Hands              Tmut           0%         N/A       100%        5
 Silence                  Hex/Air        0%         N/A       100%        5


Dungeon Overview and Level Annotations

Branches:
Dungeon (6/15)             Temple (1/1) D:4

Altars:
Ashenzari
Dithmenos
Gozag
Hepliaklqana
Nemelex Xobeh
Okawaru
Qazlal
Ru
Sif Muna
Trog
Uskayaw
Xom
Zin
The Shining One

Shops:
D:2 =[


Innate Abilities, Weirdness & Mutations

You are small and have problems with some larger weapons.
You are completely attuned to the shadows.


Message History

You shoot an arrow. The orc shouts!
The arrow hits the orc.
The arrow burns the orc.
The orc is no longer distracted by gold.
The orc is almost dead.
Something hits you but does no damage.
The steam dragon is distracted by your dazzling golden aura.
A jelly comes into view.
You shoot an arrow. The steam dragon hisses angrily.
The arrow hits the orc!
The arrow burns the orc.
You kill the orc!
You shoot an arrow. The arrow hits the steam dragon!
The arrow burns the steam dragon.
The steam dragon is no longer distracted by gold.
The steam dragon is heavily wounded.
Something hits you but does no damage. x2
You shoot an arrow.
The arrow barely misses the steam dragon.
The steam dragon breathes steam at you. The ball of steam hits you!
You hear some strange, mumbled words.
A puff of flame appears from out of thin air!
The puff of flame hits you!
You hear a shout!
You shoot an arrow.
The arrow closely misses the steam dragon.
You are engulfed in a cloud of scalding steam.
Something hits you but does no damage. The steam dragon bites you.
The steam dragon claws you but does no damage.
The jelly hits you but does no damage.
You are engulfed in a cloud of scalding steam.
* * * LOW HITPOINT WARNING * * *
Something hits you but does no damage. The jelly hits you.
* * * LOW HITPOINT WARNING * * *
You are splashed with acid!
* * * LOW HITPOINT WARNING * * *
The steam dragon bites you!
You die...
Your body crumbles into a pile of gold.

#.....
#....# ..
..§.># #..
...§.# #...
....@###§...
...J{D...§..
......####.D
.......#
.........
.........


You could see a steam dragon (catching breath) and a jelly.

Vanquished Creatures
  A steam dragon (D:5)
  2 ice beasts (D:5)
  3 phantoms (D:5)
  A necrophage (D:5)
  3 scorpions (D:5)
  2 howler monkeys
  3 hounds
  3 jellies
  An orc wizard (D:6)
  6 adders
  10 gnolls
  A shadow imp (D:5)
  An ufetubus (D:6)
  5 worms
  2 dart slugs
  6 orcs
  10 endoplasms
  A giant cockroach (D:1)
  8 goblins
  4 hobgoblins
  2 jackals (D:1)
  4 quokkas
  6 ball pythons
  8 bats
  A frilled lizard (D:1)
  14 kobolds
  A rat (D:3)
109 creatures vanquished.

Notes
Turn   | Place    | Note
-------+----------+-------------------------------------------
     0 | D:1      | Newt the Kobold Hunter began the quest for the Orb.
     0 | D:1      | Reached XP level 1. HP: 12/12 MP: 1/1
   276 | D:1      | Reached XP level 2. HP: 18/18 MP: 2/2
   503 | D:1      | Reached XP level 3. HP: 23/23 MP: 3/3
  1196 | D:2      | Found Wetioch's Jewellery Boutique.
  1352 | D:2      | Reached XP level 4. HP: 30/30 MP: 4/4
  1430 | D:2      | Found Tumnighiwko's Armour Boutique.
  1798 | D:2      | Reached skill level 5 in Fighting
  2087 | D:3      | Reached XP level 5. HP: 35/35 MP: 5/5
  2124 | D:3      | Reached skill level 6 in Ranged Weapons
  2340 | D:3      | Reached skill level 7 in Ranged Weapons
  2344 | D:3      | Reached XP level 6. HP: 17/40 MP: 6/6
  3161 | D:4      | Found a staircase to the Ecumenical Temple.
  3187 | Temple   | Entered the Ecumenical Temple
  3217 | Temple   | Became a worshipper of Gozag Ym Sagoz the Greedy
  3295 | D:4      | Reached skill level 8 in Ranged Weapons
  3298 | D:4      | Found a sacrificial altar of Ru.
  3577 | D:4      | Identified the +3 scale mail of the Untouchables {Will+
                  | Int+3}
  3625 | D:4      | Found a glowing golden altar of the Shining One.
  4242 | D:4      | Found a shadowy altar of Dithmenos.
  4249 | D:4      | Found a broken altar of Ashenzari.
  4334 | D:5      | Entered Level 5 of the Dungeon
  4339 | D:5      | Noticed an ice beast
  4345 | D:5      | Killed an ice beast
  4346 | D:5      | Reached skill level 9 in Ranged Weapons
  4346 | D:5      | Reached XP level 7. HP: 16/44 MP: 7/7
  4487 | D:5      | Reached skill level 5 in Dodging
  4793 | D:5      | Identified a scroll of acquirement
  4793 | D:5      | Acquired 1068 gold pieces
  4864 | D:5      | Reached XP level 8. HP: 48/49 MP: 8/8
  4978 | D:2      | Bought a +4 ring of slaying for 1092 gold pieces
  5066 | D:5      | Reached skill level 1 in Armour
  5460 | D:5      | Found a shimmering altar of Xom.
  6495 | D:6      | Slain by a steam dragon

Illustrated notes

Levels and vault maps discovered:
D:1:      lightli_arrival_statue_moat, layout_loops_corners, glass_columns_a,
          minmay_door_square, hangedman_decor_growths
D:2:      layout_loops_cross, serial_shops, shop, nicolae_shop_waterfront,
          minmay_tree_intersection, fountainhead, minmay_misc_feat_tower
D:3:      layout_basic
D:4:      layout_basic, mainiacjoe_overflow_alcove_2, overflow_temple_1_default,
          amethyst_overflow_temple_binary, minmay_temple_entry_statues_fountains
D:5:      layout_basic, kennysheep_mini_moat, minmay_fractal_squares_gapless_5
D:6:      layout_layer_cave, mainiacjoe_overflow_cross_hatched,
          uniq_crazy_yiuf_cottage
Temple:   hellmonk_temple_of_storms

Skill      XL: |  1  2  3  4  5  6  7  8 |
---------------+-------------------------+-----
Fighting       | 3 4 5 |  5.0
Ranged Weapons | 7 9 |  9.0
Dodging        | 6 |  6.0
Armour         | 4 |  4.7
Stealth        | |  1.3

Action                     |  1- 3 |  4- 6 |  7- 9 || total
---------------------------+-------+-------+-------++-------
   Fire: Shortbow          |    56 |   156 |    99 ||   311
    Use: Scroll            |     2 |     4 |     4 ||    10
         Potion            |     1 |       |       ||     1
 Armour: Leather armour    |     2 |    13 |       ||    15
         Scale mail        |       |     3 |    34 ||    37
  Dodge: Dodged            |     7 |    45 |    57 ||   109

Table legend: (Time is in decaauts)
 A = Elapsed time spent in this place.
 B = Non-inter-level travel time spent in this place.
 C = Inter-level travel time spent in this place.
 D = Time resting spent in this place.
 E = Time spent auto-exploring this place.
 F = Levels seen in this place.
 G = Mean time per level.
                   A        B        C        D        E       F      G
               +--------+--------+--------+--------+--------+-----+--------+
         Total |   6590 |   6216 |    374 |    913 |   4675 |   7 |  941.4 |
       Dungeon |   6535 |   6187 |    348 |    913 |   4654 |   6 | 1089.2 |
        Temple |     54 |     29 |     25 |      0 |     21 |   1 |   54.0 |
               +--------+--------+--------+--------+--------+-----+--------+

Top non-repeatable levels by time:
     D:5: 2020 daAuts
     D:4: 1252 daAuts
     D:2: 1130 daAuts
     D:3: 1083 daAuts
     D:1: 1021 daAuts
  Temple: 54 daAuts
     D:6: 26 daAuts
